 Dungeon Crawl Stone Soup version 0.28.0-53-g5a82cb258f (webtiles) character file.

Game seed: 9440980727299949169

992 funkygono the Slasher (level 7, -1/62 HPs)
             Began as a Minotaur Fighter on June 29, 2022.
             Slain by an ogre
             ... wielding a +0 giant club
              (14 damage)
             ... on level 5 of the Dungeon.
             The game lasted 00:05:44 (4090 turns).

funkygono the Slasher (Minotaur Fighter)            Turns: 4090, Time: 00:05:44

Health: -1/62      AC: 16    Str: 23    XL:     7   Next: 98%
Magic:  6/6        EV: 10    Int:  5    God:
Gold:   280        SH:  6    Dex:  9    Spells: 6/6 levels left

rFire   x . .      SeeInvis +   a - +1 long sword
rCold   + + .      Faith    .   c - +1 buckler
rNeg    + . .      Spirit   .   b - +0 scale mail
rPois   +          Reflect  .   (helmet restricted)
rElec   .          Harm     .   o - +2 cloak "Peritan" {rPois rF- rC++ SInv}
rCorr   .          Rampage  .   q - +0 pair of gloves
Will    .....                   (no boots)
Stlth   ..........              (no amulet)
HPRegen 0.20/turn               j - ring of positive energy
MPRegen 0.10/turn               s - +4 ring of protection

@: no status effects
A: horns 2, retaliatory headbutt
a: no special abilities


You were on level 5 of the Dungeon.
You visited 1 branch of the dungeon, and saw 5 of its levels.

You collected 280 gold pieces.

Inventory:

Hand Weapons
 a - a +1 long sword (weapon)
 f - a +0 mace
Armour
 b - a +0 scale mail (worn)
 c - a +1 buckler (worn)
 o - the +2 cloak "Peritan" (worn) {rPois rF- rC++ SInv}
   (You acquired it on level 4 of the Dungeon)

   rF:        It makes you vulnerable to fire.
   rC:        It greatly protects you from cold.
   rPois:     It protects you from poison.
   SInv:      It lets you see invisible.
 q - a +0 pair of gloves (worn)
Jewellery
 j - a ring of positive energy (left hand)
 l - a +6 ring of dexterity
 r - a ring of protection from fire
 s - a +4 ring of protection (right hand)
Scrolls
 e - 2 scrolls of teleportation
Potions
 d - a potion of might
 g - a potion of ambrosia
 h - 3 potions of lignification
 i - 2 potions of mutation
 k - a potion of cancellation
 m - a potion of heal wounds {unknown}
 n - a potion of degeneration {unknown}
 p - 2 potions of curing {unknown}
 v - a potion of flight {unknown}


   Skills:
 + Level 5.8 Fighting
 + Level 7.3 Long Blades
 + Level 6.1 Armour
 + Level 2.0 Dodging
 + Level 1.1 Stealth
 + Level 5.5 Shields


You had 6 spell levels left.
You didn't know any spells.
Your spell library contained the following spells:

 Spells                   Type           Power      Damage    Failure   Level
 Tukima's Dance           Hex            0%         N/A       99%         3
 Anguish                  Hex/Necr       0%         N/A       100%        4
 Enfeeble                 Hex            0%         N/A       100%        7


Dungeon Overview and Level Annotations

Branches:
Dungeon (5/15)
 Temple: D:4-7

Altars:
Hepliaklqana
Nemelex Xobeh
Ru

Shops:
D:3 (   D:4 *


Innate Abilities, Weirdness & Mutations

You have a pair of horns on your head.
You reflexively headbutt those who attack you in melee.


Message History

You furiously retaliate!
You headbutt the wyvern!
The wyvern hisses menacingly.
The wyvern closely misses you. You furiously retaliate!
You headbutt the wyvern! You completely miss the wyvern.
You headbutt the wyvern, but do no damage.
The wyvern is severely wounded.
The wyvern closely misses you.
The wyvern bites you but does no damage.
You barely miss the wyvern. You headbutt the wyvern.
The wyvern is severely wounded.
The wyvern bites you. The wyvern completely misses you.
You slash the wyvern!
You kill the wyvern!
Your Long Blades skill increases to level 7!
Your Armour skill increases to level 6!
Your Dodging skill increases to level 2!
You see here a wyvern corpse.
An ogre comes into view. It is wielding a +0 giant club.
Found a stone staircase leading up.
The ogre shouts!
You hit the ogre. You headbutt the ogre.
The ogre is moderately wounded.
The ogre hits you with a +0 giant club!
You completely miss the ogre.
The ogre is lightly wounded.
The ogre hits you with a +0 giant club!
You hit the ogre.
The ogre is moderately wounded.
You hit the ogre. You headbutt the ogre.
The ogre is severely wounded.
You block the ogre's attack.
You barely miss the ogre. Your headbutt misses the ogre.
The ogre is severely wounded.
The ogre hits you with a +0 giant club!!
* * * LOW HITPOINT WARNING * * *
You slash the ogre!
The ogre is almost dead.
The ogre hits you with a +0 giant club!
You die...

### ##...## # #.#
#.########## # #.#
#....†.....#
###.###.########@#
...#...#.# #O#
.##.###....... ...
.....#
.......##.##
#####.#######.##.#
# .# ##.# .... .
.<. #### # ... #


You could see an ogre.

Vanquished Creatures
  A wyvern (D:5)
  2 ogres
  3 scorpions
  A hound (D:4)
  An orc priest (D:5)
  A jelly (D:5)
  4 scorpion zombies (D:4)
  Natasha (thrice) (D:3)
  2 iguanas
  An orc wizard (D:5)
  A hound zombie (D:4)
  A hound skeleton (D:4)
  5 adders
  A howler monkey skeleton (D:4)
  An ufetubus (D:5)
  2 adder zombies (D:4)
  An adder skeleton (D:4)
  A worm (D:2)
  5 dart slugs
  3 orcs
  11 bats
  2 endoplasms
  A giant cockroach (D:1)
  4 goblins
  4 hobgoblins
  2 jackals (D:1)
  7 kobolds
  A quokka (D:2)
  7 ball pythons
  A frilled lizard (D:3)
  4 rats
  A spectral hobgoblin (D:4)
85 creatures vanquished.

Notes
Turn   | Place    | Note
-------+----------+-------------------------------------------
     0 | D:1      | funkygono the Minotaur Fighter began the quest for the Orb.
     0 | D:1      | Reached XP level 1. HP: 19/19 MP: 0/0
   150 | D:1      | Reached XP level 2. HP: 26/27 MP: 1/1
   876 | D:2      | Reached XP level 3. HP: 29/33 MP: 2/2
  1040 | D:2      | Reached skill level 3 in Long Blades
  1109 | D:2      | Found a sacrificial altar of Ru.
  1464 | D:3      | Noticed Natasha
  1473 | D:3      | Killed Natasha
  1474 | D:3      | Reached XP level 4. HP: 33/40 MP: 3/3
  1612 | D:3      | Found a sparkling altar of Nemelex Xobeh.
  1628 | D:3      | Found Misti's Antique Weapon Boutique.
  1720 | D:3      | Found a faded altar of an unknown god.
  1954 | D:3      | Noticed Natasha
  1962 | D:3      | Killed Natasha
  1963 | D:3      | Reached skill level 4 in Long Blades
  2280 | D:3      | Noticed Natasha
  2287 | D:3      | Killed Natasha
  2288 | D:3      | Reached XP level 5. HP: 31/47 MP: 4/4
  2576 | D:4      | Noticed an ogre
  2594 | D:3      | Killed an ogre
  2595 | D:3      | Reached skill level 5 in Armour
  2613 | D:4      | Reached skill level 5 in Long Blades
  2613 | D:4      | Reached XP level 6. HP: 38/53 MP: 5/5
  2726 | D:4      | Reached skill level 1 in Dodging
  2939 | D:4      | Found Vutim's Assorted Antiques.
  3062 | D:4      | Reached skill level 5 in Fighting
  3152 | D:4      | Reached skill level 6 in Long Blades
  3152 | D:4      | Reached skill level 1 in Stealth
  3152 | D:4      | Reached skill level 5 in Shields
  3152 | D:4      | Reached XP level 7. HP: 37/61 MP: 6/6
  3436 | D:4      | Found a hazy altar of Hepliaklqana.
  3497 | D:4      | Identified a scroll of acquirement
  3497 | D:4      | Acquired the +2 cloak "Peritan" {rPois rF- rC++ SInv}
  3519 | D:5      | Entered Level 5 of the Dungeon
  4046 | D:5      | Noticed a wyvern
  4053 | D:5      | Killed a wyvern
  4054 | D:5      | Reached skill level 7 in Long Blades
  4090 | D:5      | Slain by an ogre

Illustrated notes

Levels and vault maps discovered:
D:1:      matt_arrival_los_fun, layout_loops_cross, minmay_tree_intersection
D:2:      layout_basic, kennysheep_nondescript, minmay_hexomino_r4
D:3:      layout_basic, lemuel_crystal_altar,
          hellmonk_ecumenical_altar_leap_of_faith, serial_shops,
          nicolae_diamond_shop, roderic_roman_lattice, kennysheep_minor_cross,
          uniq_natasha
D:4:      layout_rooms, nicolae_hepliaklqana_monster_ancestors, serial_shops,
          shop, serial_undead, serial_undead_d, serial_undead_c,
          serial_undead_d, serial_undead_d, serial_undead_e
D:5:      layout_loops_ring, st_stairs_11, amethyst_killhole

Skill      XL: |  1  2  3  4  5  6  7 |
---------------+----------------------+-----
Fighting       | 4 5 |  5.8
Armour         | 4 5 6 |  6.1
Shields        | 4 5 |  5.5
Long Blades    | 3 4 5 6 7 |  7.3
Dodging        | 1 2 |  2.0
Stealth        | 1 |  1.1

Action                   |  1- 3 |  4- 6 |  7- 9 || total
-------------------------+-------+-------+-------++-------
Melee: Long sword        |    80 |   104 |    57 ||   241
       Headbutt          |     6 |    21 |    12 ||    39
  Use: Scroll            |     5 |     1 |     7 ||    13
       Potion            |       |       |     1 ||     1
Armor: Scale mail        |    46 |    35 |    37 ||   118
Dodge: Dodged            |    46 |    39 |    33 ||   118
Block: Buckler           |    25 |    25 |    17 ||    67
